 Dungeon Crawl Stone Soup version 0.30.0-19-g36f170ea60 (webtiles) character file.

Game seed: 11122846805181737644

212 olmar the Trooper (level 5, 0/50 HPs)
             Began as a Naga Fighter on May 28, 2023.
             Slain by a gnoll
             ... wielding a +0 flail
              (4 damage)
             ... on level 3 of the Dungeon.
             The game lasted 00:02:47 (3137 turns).

olmar the Trooper (Naga Fighter)                    Turns: 3137, Time: 00:02:47

Health: 0/50       AC:  5    Str: 26    XL:     5   Next: 89%
Magic:  5/5        EV:  8    Int:  9    God:
Gold:   66         SH:  4    Dex: 10    Spells: 4/4 levels left

rFire   . . .        a - +0 flail
rCold   + . .        c - +0 buckler
rNeg    . . .        b - +0 scale mail
rPois   +            (no helmet)
rElec   .            (no cloak)
rCorr   .            (no gloves)
SInv    +            (no barding)
Will    .....        (no amulet) Stlth
                     l - +6 ring of strength
HPRegen 0.28/turn    n - ring of protection from cold
MPRegen 0.09/turn

%: no passive effects
@: short of breath, very slow
A: AC +1, large, see invisible, deformed body, poison resistance, slowness 2,
spit poison 1, naga tail 1
a: Spit Poison


You were on level 3 of the Dungeon.
You visited 1 branch of the dungeon, and saw 4 of its levels.

You collected 66 gold pieces.

Inventory:

Hand Weapons
 a - a +0 flail (weapon)
Missiles
 f - 5 silver javelins
 h - 24 poisoned darts
Armour
 b - a +0 scale mail (worn)
 c - a +0 buckler (worn)
Jewellery
 l - a +6 ring of strength (left hand)
 n - a ring of protection from cold (right hand)
Scrolls
 g - a scroll of fog {unknown}
 i - a scroll of teleportation {unknown}
 j - a scroll of enchant weapon {unknown}
 m - a scroll of blinking {unknown}
Potions
 d - a potion of might
 e - 2 potions of magic


   Skills:
 + Level 4.0 Fighting
 + Level 3.6 Maces & Flails
 + Level 3.4 Armour
 + Level 0.8 Dodging
 + Level 0.1 Stealth
 + Level 3.1 Shields


You had 4 spell levels left.
You didn't know any spells.
Your spell library contained the following spells:

 Spells                   Type           Power      Damage    Failure   Level
 Beastly Appendage        Tmut           0%         N/A       73%         1
 Scorch                   Fire           0%         2d5       86%         2
 Sublimation of Blood     Necr           0%         N/A       86%         2
 Wereblood                Tmut           0%         N/A       86%         2
 Inner Flame              Hex/Fire       0%         N/A       97%         3
 Spider Form              Tmut/Pois      0%         N/A       97%         3
 Flame Wave               Conj/Fire      0%         2d4       100%        4
 Sticky Flame             Conj/Fire      0%         2d3       100%        4
 Summon Cactus Giant      Summ           0%         N/A       100%        6
 Summon Hydra             Summ           0%         N/A       100%        7


Dungeon Overview and Level Annotations

Branches:
Dungeon (4/15)
 Temple: D:4-7

Altars:
Elyvilon
Wu Jian
The Shining One


Innate Abilities, Weirdness & Mutations

Your serpentine skin is tough. (AC +1)
You have supernaturally acute eyesight. (SInv)
Armour fits poorly on your strangely shaped body.
Your system is resistant to poisons. (rPois)
You cover ground very slowly.
You can spit poison.
You have a snake-like lower body.


Message History

Unknown command.
Unknown command.
You barely miss the gnoll. The gnoll hits you with a +0 flail. x2
You completely miss the gnoll. You block the gnoll's attack.
The gnoll hits you with a +0 flail!
Unknown command.
You barely miss the gnoll. The gnoll closely misses you.
The gnoll hits you with a +0 flail!
Unknown command.
Unknown command.
You are too injured to fight recklessly!
You are too injured to fight recklessly!
You barely miss the gnoll. The gnoll hits you with a +0 flail.
The gnoll hits you but does no damage.
Unknown command.
You hit the gnoll.
The gnoll is moderately wounded.
The gnoll hits you with a +0 flail. The gnoll barely misses you.
The gnoll closely misses you. The gnoll hits you but does no damage.
Unknown command.
Aiming: Spit Poison (1% risk of failure)
Press: ? - help, Shift-Dir - straight line, f - gnoll
Aim: a gnoll, wielding a +0 flail (moderately wounded, 65% to hit)
The splash of poison hits the gnoll.
The gnoll is poisoned.
The gnoll is severely wounded.
The gnoll hits you with a +0 flail!
* * * LOW HITPOINT WARNING * * *
The gnoll closely misses you.
You closely miss the gnoll.
The gnoll is severely wounded.
The gnoll hits you with a +0 flail.
* * * LOW HITPOINT WARNING * * *
The gnoll barely misses you.
Unknown command.
You completely miss the gnoll.
The gnoll is almost dead.
The gnoll hits you with a +0 flail.
* * * LOW HITPOINT WARNING * * *
The gnoll hits you with a +0 flail.
You die...

#.# #.....# #.#
##.###############
#.#
#.##.............
#.###
##.##.############
#...###..##.#
###.......#.#
#.......#†#
#....)..#.#
#...g@[.#.#
#####g###)#######
#.# #.......# #.#
#######.# #.# #.#
#.# #.# #.# #.#
#.# ####.# #.#
#....#


You could see 2 gnolls.

Vanquished Creatures
  Natasha (twice) (D:3)
  An iguana (D:3)
  An orc wizard (D:3)
  5 adders
  A worm (D:3)
  2 dart slugs
  3 orcs (D:3)
  3 bats
  7 endoplasms
  5 giant cockroaches
  5 goblins
  8 hobgoblins
  4 quokkas
  3 ball pythons
  4 frilled lizards
  3 kobolds
  3 rats
60 creatures vanquished.

Notes
Turn   | Place    | Note
-------+----------+-------------------------------------------
     0 | D:1      | olmar the Naga Fighter began the quest for the Orb.
     0 | D:1      | Reached XP level 1. HP: 21/21 MP: 1/1
   129 | D:1      | Reached XP level 2. HP: 7/28 MP: 2/2
  1189 | D:2      | Reached XP level 3. HP: 34/34 MP: 3/3
  1289 | D:2      | Found a glowing golden altar of the Shining One.
  1660 | D:2      | Reached XP level 4. HP: 42/43 MP: 4/4
  2004 | D:3      | Found a white marble altar of Elyvilon.
  2109 | D:3      | Found an ornate altar of the Wu Jian Council.
  2397 | D:3      | Noticed Natasha
  2402 | D:3      | Killed Natasha
  2403 | D:3      | Reached XP level 5. HP: 49/50 MP: 5/5
  2496 | D:3      | Noticed Natasha
  2508 | D:3      | Killed Natasha
  2980 | D:3      | Reached skill level 4 in Fighting
  3137 | D:3      | Slain by a gnoll

Illustrated notes

Levels and vault maps discovered:
D:1:      dpeg_arrival_lava_altar, layout_basic, corexii_leaking_fountain,
          minmay_misc_feat_roman
D:2:      layout_loops_ring, basic_altar, kennysheep_nub,
          minmay_misc_feat_diagonals
D:3:      layout_basic, mainiacjoe_overflow_tiny_flanked,
          mainiacjoe_overflow_24_doors, uniq_natasha
D:4:      layout_rooms, mainiacjoe_overflow_boulevard,
          mainiacjoe_overflow_concentric_impassable, vehumet_statue,
          serial_shops, nicolae_shop_statue_plus

Skill      XL: |  1  2  3  4  5 |
---------------+----------------+-----
Shields        | 3 |  3.1
Armour         | 3 |  3.4
Maces & Flails | 3 |  3.6
Fighting       | 4 |  4.0
Dodging        | |  0.8
Stealth        | |  0.1

Action                     |  1- 3 |  4- 6 || total
---------------------------+-------+-------++-------
  Melee: Flail             |   103 |   100 ||   203
Ability: Spit Poison       |     3 |    11 ||    14
    Use: Potion            |       |     2 ||     2
 Armour: Scale mail        |    52 |    39 ||    91
         Skin              |       |    28 ||    28
  Dodge: Dodged            |    45 |    53 ||    98
  Block: Buckler           |    11 |    27 ||    38
